 Dungeon Crawl Stone Soup version 0.26.1-2-gb8aa6d0cf2 (webtiles) character file.

Game seed: 17526632649563248054

69 skwiii the Sneak (level 4, -3/34 HPs)
             Began as a Demonspawn Brigand on Feb 25, 2021.
             Slain by a leopard gecko (4 damage)
             ... on level 2 of the Dungeon.
             The game lasted 00:07:21 (2579 turns).

skwiii the Sneak (Demonspawn Brigand)               Turns: 2579, Time: 00:07:22

Health: -3/34      AC:  3    Str: 12    XL:     4   Next: 2%
Magic:  0/4        EV: 12    Int: 14    God:
Gold:   65         SH:  0    Dex: 15    Spells: 3/3 levels left

rFire    . . .     SeeInvis .   a - +2 dagger
rCold    . . .     Faith    .   (no shield)
rNeg     . . .     Spirit   +   b - +0 robe
rPois    .         Reflect  .   (no helmet)
rElec    .         Harm     .   c - +0 cloak
rCorr    .         Rampage  .   (no gloves)
Will     .....                  (no boots)
Stlth    +.........             (no amulet)
HPRegen  0.11/turn              (no ring)
MPRegen  0.18/turn              (no ring)

@: confused
A: magic shield, magic regeneration, big brain 1
a: no special abilities


You were on level 2 of the Dungeon.
You visited 1 branch of the dungeon, and saw 2 of its levels.

You collected 65 gold pieces.

Inventory:

Hand Weapons
 a - a +2 dagger (weapon)
 h - a +0 hunting sling
 m - a +0 dagger
 w - a +1 dagger of venom
Missiles
 d - 3 poisoned darts (quivered)
 e - 2 curare-tipped darts
 q - 8 atropa-tipped darts
 v - 42 stones
 x - 29 bolts
Armour
 b - a +0 robe (worn)
 c - a +0 cloak (worn)
 n - a +0 ring mail
 u - a +0 leather armour of fire resistance
Jewellery
 f - a cursed amulet of inaccuracy {unknown}
 r - a +4 ring of protection
Scrolls
 i - 2 scrolls of remove curse
 k - a scroll of identify {unknown}
 l - a scroll of blinking {unknown}
 o - a scroll of enchant weapon
 t - a scroll of amnesia {unknown}
 y - a scroll of magic mapping {unknown}
Potions
 g - a potion of haste
 j - a potion of might {unknown}
 p - a potion of lignification {unknown}
 s - a potion of flight {unknown}


   Skills:
 + Level 2.5 Fighting
 + Level 2.3 Short Blades
 + Level 2.3 Throwing
 + Level 1.7 Dodging
 + Level 4.0 Stealth


You had 3 spell levels left.
You didn't know any spells.
Your spell library was empty.

Dungeon Overview and Level Annotations

Branches:
Dungeon (2/15)

Altars:
Okawaru
Qazlal
Zin

Annotations:
D:2 Sigmund


Innate Abilities, Weirdness & Mutations

When hurt, damage is shared between your health and your magic reserves.
You regenerate magic rapidly.
You have an unusually large brain. (Int +2)


Message History

* * * LOW HITPOINT WARNING * * *
You start resting.
A worm is nearby!
A leopard gecko comes into view.
The leopard gecko hisses angrily.
Something hits you.
* * * LOW HITPOINT WARNING * * *
You hear some strange, mumbled words.
Something tries to affect you, but you resist.
You are confused.
You're too confused to move!
The leopard gecko barely misses you. Something hits you.
* * * LOW HITPOINT WARNING * * *
Sigmund appears from thin air!
Reactivating autopickup.
The leopard gecko barely misses you. The leopard gecko bites you.
* * * LOW HITPOINT WARNING * * *
Sigmund closely misses you. The leopard gecko bites you.
You die...

#................#.#......#.#....
#....###.##.###.........#.#.####(
.......#..#.# #..####...#.#.####(
.......##.#.# #.........#.#.#...(
....††.##...# #.........#.#.#.##.
.......###..# #...####..#.#.#.##w
.......# #..# #...####....# #.##.
.......# #..###.l.......###.#.##.
.......# ##.....@@..w.......#.#..
.......# #......############.##.
.......# ##..#......... #....
#....### #..##....#### ####w
#....# #..##....# #...
#....#######..##....# # #†##
#...................# #. #w#
##'###.....##.##.#.## ###'###.##
##.# #.....##..#.#.# .......w..


You could see Sigmund, a worm and a leopard gecko.

Vanquished Creatures
  A howler monkey skeleton (D:2)
  An adder (D:2)
  An ooze (D:1)
  2 dart slugs (D:2)
  A leopard gecko (D:2)
  An orc (D:2)
  12 bats
  4 goblins (D:1)
  A hobgoblin (D:2)
  2 jackals (D:1)
  A quokka (D:2)
  A frilled lizard (D:2)
  4 kobolds
  9 rats
41 creatures vanquished.

Notes
Turn   | Place    | Note
-------+----------+-------------------------------------------
     0 | D:1      | skwiii the Demonspawn Brigand began the quest for the Orb.
     0 | D:1      | Reached XP level 1. HP: 16/16 MP: 1/1
     2 | D:1      | Noticed an electric eel
    47 | D:1      | Reached skill level 1 in Dodging
   570 | D:1      | Gained mutation: You have an unusually large brain. (Int
                  | +2) [demonic ancestry]
   570 | D:1      | Reached XP level 2. HP: 22/22 MP: 2/2
  1204 | D:2      | Gained mutation: When hurt, damage is shared between your
                  | health and your magic reserves. [demonic ancestry]
  1204 | D:2      | Reached XP level 3. HP: 17/28 MP: 3/3
  1462 | D:2      | Found a glowing silver altar of Zin.
  1999 | D:2      | Reached skill level 4 in Stealth
  2194 | D:2      | Found a stormy altar of Qazlal.
  2194 | D:2      | Found an iron altar of Okawaru.
  2281 | D:2      | Noticed Sigmund
  2453 | D:2      | Gained mutation: You regenerate magic rapidly. [demonic
                  | ancestry]
  2453 | D:2      | Reached XP level 4. HP: 34/34 MP: 4/4
  2579 | D:2      | HP: 1/34 [leopard gecko (2)]
  2579 | D:2      | Slain by a leopard gecko

Illustrated notes

Levels and vault maps discovered:
D:1:      arrival_aquarium_a, layout_basic, serial_glass, glass_columns_b,
          glass_columns_c, amcnicky_mini_corridor_feature
D:2:      layout_basic, gammafunk_temple_overflow_pools, zin_statuary,
          uniq_sigmund

Skill      XL: |  1  2  3 |
---------------+----------+-----
Dodging        | 1 |  1.7
Short Blades   | 2 |  2.3
Throwing       | 2 |  2.3
Stealth        | 4 |  4.0
Fighting       | |  2.5

Action                   |  1- 3 |  4- 6 || total
-------------------------+-------+-------++-------
Melee: Dagger            |   122 |     6 ||   128
Throw: Dart              |    26 |    11 ||    37
  Use: Scroll            |     2 |       ||     2
       Potion            |     1 |       ||     1
 Stab: Sleeping          |     3 |       ||     3
Armor: Robe              |    53 |       ||    53
Dodge: Dodged            |   128 |    17 ||   145
